 Dungeon Crawl Stone Soup version 0.21-a0-286-g6fcecc0 (webtiles) character file.

114 mamajk0 the Skirmisher (level 4, -2/41 HPs)
             Began as a Minotaur Fighter on Sept 27, 2017.
             Killed from afar by an orc wizard (8 damage)
             ... with a puff of frost
             ... on level 3 of the Dungeon.
             The game lasted 00:04:42 (1841 turns).

mamajk0 the Skirmisher (Minotaur Fighter)           Turns: 1841, Time: 00:04:42

Health: -2/41      AC: 10    Str: 22    XL:     4   Next: 67%
Magic:  3/3        EV:  7    Int:  5    God:
Gold:   103        SH:  9    Dex:  9    Spells: 3/3 levels left

rFire    . . .     SeeInvis .   a - +0 war axe
rCold    . . .     Gourm    .   c - +0 shield
rNeg     + . .     Faith    .   b - +0 scale mail
rPois    .         Spirit   .   (helmet restricted)
rElec    .         Reflect  .   (no cloak)
rCorr    .         Harm     .   r - +2 pair of gloves
MR       .....                  (no boots)
Stlth    ..........             (no amulet)
HPRegen  0.13/turn              (no ring)
MPRegen  0.08/turn              k - ring of positive energy

@: no status effects
A: retaliatory headbutt, horns 2
a: no special abilities


You were on level 3 of the Dungeon.
You were not hungry.

You visited 1 branch of the dungeon, and saw 3 of its levels.

You collected 103 gold pieces.

Inventory:

Hand Weapons
 a - a +0 war axe (weapon)
Armour
 b - a +0 scale mail (worn)
 c - a +0 shield (worn)
 r - a +2 pair of gloves (worn)
Jewellery
 k - a ring of positive energy (right hand)
Wands
 j - a wand of iceblast (7/15)
Scrolls
 e - 6 scrolls of identify
 h - 2 scrolls of enchant weapon {unknown}
 l - 3 scrolls of teleportation
Potions
 d - a potion of might
 i - a potion of curing
 n - a potion of mutation {unknown}
 o - a potion of cancellation {unknown}
 p - a potion of degeneration {unknown}
 q - a potion of lignification {unknown}
Comestibles
 f - 4 bread rations
 g - 2 royal jellies
 m - 2 fruits


   Skills:
 * Level 4.6 Fighting
 * Level 3.8 Axes
 + Level 4.5 Armour
 + Level 4.2 Shields


You had 3 spell levels left.
You didn't know any spells.

Dungeon Overview and Level Annotations

Branches:
Dungeon (3/15)

Altars:


Innate Abilities, Weirdness & Mutations

You reflexively headbutt those who attack you in melee.
You have a pair of horns on your head.


Message History

The orc wizard looks satisfied for a moment.
Things that are here:
a halberd; a ball python corpse; a gnoll corpse The orc wizard gestures wildly while chanting.
The orc wizard blinks!
You block the orc's attack.
You closely miss the orc. Your headbutt misses the orc.
The orc is almost dead.
You block the orc's attack.
You barely miss the orc.
The orc is severely wounded.
You block the orc's attack. The orc hits you with a short sword.
* * * LOW HITPOINT WARNING * * *
You barely miss the orc. You headbutt the orc.
You kill the orc!
The orc wizard hits you but does no damage. x2
You feel better.
The orc wizard points at you and mumbles some strange words.
The puff of frost hits you!
You die...

#.# . ##.##########
..#......##...######
#.................# # ###
##..........[....#.# .. #..
.........#######.#.# ...
#..###.####............#
#...#..#...####.########.#.#
............##@# #.#>#
#....#.#†##o# ####.#.####
#...o..o)oo# #.........#
(......#[#..)####
#.......#.# .#.###%#.....#
#......)#.# #.#.#..##
#.......#.# #.#.#..#
#.......#.# #......#
#.......#.# ........
#.......#.#


You could see an orc priest and 2 orc wizards.

Vanquished Creatures
  3 gnolls (D:3)
  2 adders
  An ooze (D:1)
  A worm (D:3)
  A dart slug (D:2)
  6 leopard geckos
  3 orcs
  5 giant cockroaches
  8 hobgoblins
  2 kobolds
  A ball python (D:3)
  7 bats
  3 frilled lizards
  5 goblins
  4 rats
52 creatures vanquished.

Notes
Turn   | Place    | Note
-------+----------+-------------------------------------------
     0 | D:1      | mamajk0 the Minotaur Fighter began the quest for the Orb.
     0 | D:1      | Reached XP level 1. HP: 19/19 MP: 0/0
   238 | D:1      | Reached XP level 2. HP: 26/27 MP: 1/1
   755 | D:2      | Reached XP level 3. HP: 31/33 MP: 2/2
  1516 | D:3      | Reached XP level 4. HP: 20/41 MP: 3/3
  1829 | D:3      | HP: 2/41 [orc priest/divine providence (12)]
  1839 | D:3      | HP: 1/41 [orc/short sword (2)]
  1841 | D:3      | Killed from afar by an orc wizard

Vault maps used:
D:1:      sevenhm_arrival_forest_fort_large_2
D:2:      first_bread, grunt_ministairs_2, minmay_small_reverse_x
D:3:      nicolae_ru_awakened_eye

Skill      XL: |  1  2  3 |
---------------+----------+-----
Axes           | 3 |  3.8
Shields        | 4 |  4.2
Fighting       | 4 |  4.6
Armour         | 4 |  4.5

Action                   |  1- 3 |  4- 6 || total
-------------------------+-------+-------++-------
Melee: War axe           |   107 |    31 ||   138
       Headbutt          |    11 |     4 ||    15
  Use: Scroll            |     5 |       ||     5
       Potion            |       |     1 ||     1
  Eat: Chunk             |       |     2 ||     2
       Fruit             |       |     1 ||     1
Armor: Scale mail        |    52 |    15 ||    67
Dodge: Dodged            |    28 |     9 ||    37
Block: Shield            |    67 |    13 ||    80

Table legend:
 A = Spawn XP
 B = Non-spawn XP
 C = Spawn XP percentage of total XP
 D = Spawn monster count
 E = Non-spawn monster count
 F = Spawn count percentage of total count
 G = Total turns spent on level
                    A         B        C        D         E        F      G
               +---------+---------+-------+---------+---------+-------+---------
         Total |       0 |     164 |   0.0 |       0 |      52 |   0.0 |  1841
               +---------+---------+-------+---------+---------+-------+---------
           D:1 |       0 |      36 |   0.0 |       0 |      20 |   0.0 |   710
           D:2 |       0 |      54 |   0.0 |       0 |      22 |   0.0 |   789
           D:3 |       0 |      74 |   0.0 |       0 |      10 |   0.0 |   342
               +---------+---------+-------+---------+---------+-------+---------
